 Dungeon Crawl Stone Soup version 0.28.0-43-g3370ac3207 (webtiles) character file.

Game seed: 3890985534985412940

3066 jimonade the Quickloader (level 9, -6/66 HPs)
             Began as a Gnoll Wanderer on Mar 13, 2022.
             Engulfed by a steam dragon's steam (14 damage)
             ... on level 6 of the Dungeon.
             The game lasted 00:21:55 (7434 turns).

jimonade the Quickloader (Gnoll Wanderer)           Turns: 7434, Time: 00:21:56

Health: -6/66      AC: 11    Str: 21    XL:     9   Next: 88%
Magic:  16/16      EV: 14    Int: 11    God:
Gold:   266        SH:  0    Dex: 13    Spells: 17/17 levels left

rFire   . . .      SeeInvis .   a - +0 hand crossbow (flame)
rCold   . . .      Faith    .   (no shield)
rNeg    . . .      Spirit   .   h - +0 chain mail
rPois   .          Reflect  .   (no helmet)
rElec   .          Harm     .   d - +0 cloak
rCorr   .          Rampage  .   (no gloves)
Will    .....                   (no boots)
Stlth   ..........              z - amulet of magic regeneration
HPRegen 0.21/turn               f - +6 ring of strength
MPRegen 0.55/turn               P - +4 ring of evasion

@: invisible
A: fangs 1, strong nose, distributed training
a: no special abilities


You were on level 6 of the Dungeon.
You visited 1 branch of the dungeon, and saw 7 of its levels.

You collected 266 gold pieces.

Inventory:

Hand Weapons
 a - a +0 hand crossbow of flaming (weapon)
 c - a +0 mace
 u - a +0 vampiric falchion
 A - a +1 whip of flaming
 I - a +2 flail of protection
 J - a +3 dagger
 K - a +1 halberd of protection
 M - a +0 hunting sling
Missiles
 b - 23 bolts (quivered ammo)
 k - 55 arrows
 l - 32 sling bullets
 s - 5 datura-tipped darts
 L - 155 stones
 S - 3 boomerangs
Armour
 d - a +0 cloak (worn)
 e - a +0 leather armour
 h - a +0 chain mail (worn)
 v - a +0 chain mail
 B - a +0 robe of willpower
 R - a +3 leather armour
Magical Staves
 t - a staff of earth
 H - a staff of earth
Jewellery
 f - a +6 ring of strength (left hand)
 g - a ring of fire
 r - a ring of magical power
 z - an amulet of magic regeneration (around neck)
 P - a +4 ring of evasion (right hand)
Wands
 n - a wand of polymorph (1)
 F - a wand of flame (26)
 G - a wand of mindburst (10)
 N - a wand of iceblast (11)
Scrolls
 i - 2 scrolls of magic mapping
 y - 5 scrolls of identify
 E - a scroll of holy word
Potions
 j - 4 potions of curing
 o - 4 potions of flight
 p - a potion of haste {unknown}
 q - 2 potions of mutation {unknown}
 x - 3 potions of lignification {unknown}
 C - a potion of heal wounds {unknown}
 Q - 2 potions of might {unknown}


   Skills:
 + Level 4.6 Fighting
 + Level 4.6 Short Blades
 + Level 4.6 Long Blades
 + Level 4.6 Axes
 + Level 5.4 Maces & Flails
 + Level 4.6 Polearms
 + Level 4.6 Staves
 + Level 4.6 Slings
 + Level 4.6 Bows
 + Level 8.1 Crossbows
 + Level 6.6 Throwing
 + Level 6.6 Armour
 + Level 6.6 Dodging
 + Level 4.6 Stealth
 + Level 4.6 Shields
 + Level 4.6 Unarmed Combat
 + Level 4.6 Spellcasting
 + Level 3.8 Conjurations
 + Level 3.8 Hexes
 + Level 3.8 Summonings
 + Level 3.8 Necromancy
 + Level 3.8 Translocations
 + Level 3.8 Transmutations
 + Level 3.8 Fire Magic
 + Level 3.8 Ice Magic
 + Level 3.8 Air Magic
 + Level 3.8 Earth Magic
 + Level 3.8 Poison Magic
 + Level 5.1 Invocations
 + Level 4.6 Evocations


You had 17 spell levels left.
You didn't know any spells.
Your spell library was empty.

Dungeon Overview and Level Annotations

Branches:
Dungeon (7/15)             Temple (0/1) D:5

Altars:
Elyvilon
Gozag
Yredelemnul


Innate Abilities, Weirdness & Mutations

You have very sharp teeth.
Your uncanny sense of smell can sniff out nearby items.
Your experience applies equally to all skills.


Message History

A steam dragon is nearby!
You shoot a bolt.
The bolt barely misses the steam dragon.
You shoot a bolt.
The bolt closely misses the steam dragon.
You shoot a bolt.
The bolt closely misses the steam dragon.
You shoot a bolt.
The bolt hits the steam dragon but does no damage.
The steam dragon breathes steam at you. The ball of steam misses you.
No target in view!
You shoot a bolt. The bolt hits the steam dragon.
The bolt burns the steam dragon.
The steam dragon is lightly wounded.
You are engulfed in a cloud of scalding steam.
The steam dragon breathes steam at you. The ball of steam hits you!!
You are engulfed in a cloud of scalding steam.
No target in view!
You shoot a bolt.
The bolt barely misses the steam dragon.
You shoot a bolt.
The bolt hits the steam dragon but does no damage.
The steam dragon is lightly wounded.
The steam dragon breathes steam at you. The ball of steam hits you!
There is a stone staircase leading up here.
The steam dragon breathes steam at you. The ball of steam hits you!!
* * * LOW HITPOINT WARNING * * *
You climb upwards.
There is a stone staircase leading down here.
Okay, then.
You fade into invisibility!
The steam dragon bites you but does no damage.
The steam dragon misses you. The steam dragon breathes steam at you.
The ball of steam misses you.
You die...

..........# #.##.#######
..........###..........#
...............#.#####.#
...##......###########.###
....######.#.........#...#
#...######'#.#######.###.#
.............# #.....#
.#######.....#############
..............§§@§§D?#
<............#######.#
.........###.#######.#
.....................#
.............#########
.........#........#
............#.###.#
...............##.#
.####..........##.#


There were no monsters in sight!

Vanquished Creatures
  Harold (D:6)
  Pikel (D:6)
  Grinder (D:6)
  Eustachio (D:4)
  Menkaure (D:4)
  A sky beast (D:6)
  An ice beast (D:6)
  An ogre (D:5)
  A lemure (D:6)
  A phantom (D:5)
  2 scorpions (D:5)
  2 electric eels (D:6)
  4 wights (D:7)
  3 jellies
  2 orc priests
  2 gnoll shamans
  2 hounds
  Crazy Yiuf (D:5)
  Ijyb (D:3)
  Natasha (thrice) (D:2)
  3 iguanas
  Terence (D:2)
  2 orc wizards (D:6)
  A howler monkey zombie (D:6)
  Robin (D:3)
  7 adders
  12 gnolls
  2 ufetubi (D:5)
  A worm (D:2)
  A dart slug (D:1)
  20 orcs
  4 ball pythons
  2 endoplasms
  6 giant cockroaches
  15 goblins
  6 hobgoblins
  7 jackals
  2 quokkas
  7 bats
  2 frilled lizards
  8 rats
142 creatures vanquished.

Vanquished Creatures (others)
  A gnoll (D:5)
1 creature vanquished.

Grand Total: 143 creatures vanquished

Notes
Turn   | Place    | Note
-------+----------+-------------------------------------------
     0 | D:1      | jimonade the Gnoll Wanderer began the quest for the Orb.
     0 | D:1      | jimonade set off with the following items: a +0 vorpal hand
                  | crossbow, 22 bolts, a +0 mace, a +0 cloak, a +0 leather
                  | armour
     0 | D:1      | Reached XP level 1. HP: 13/13 MP: 1/1
   112 | D:1      | Reached XP level 2. HP: 19/19 MP: 2/2
   767 | D:2      | Noticed Natasha
   772 | D:2      | Killed Natasha
   773 | D:2      | Reached skill level 1 in Invocations
   773 | D:2      | Reached XP level 3. HP: 7/25 MP: 2/4
  1033 | D:2      | Reached skill level 1 in Fighting
  1033 | D:2      | Reached skill level 1 in Short Blades
  1033 | D:2      | Reached skill level 1 in Long Blades
  1033 | D:2      | Reached skill level 1 in Axes
  1033 | D:2      | Reached skill level 1 in Polearms
  1033 | D:2      | Reached skill level 1 in Staves
  1033 | D:2      | Reached skill level 1 in Slings
  1033 | D:2      | Reached skill level 1 in Bows
  1033 | D:2      | Reached skill level 1 in Stealth
  1033 | D:2      | Reached skill level 1 in Shields
  1033 | D:2      | Reached skill level 1 in Unarmed Combat
  1033 | D:2      | Reached skill level 1 in Spellcasting
  1033 | D:2      | Reached skill level 1 in Evocations
  1111 | D:2      | Noticed Natasha
  1119 | D:2      | Killed Natasha
  1120 | D:2      | Reached XP level 4. HP: 28/32 MP: 5/5
  1123 | D:2      | Noticed Natasha
  1126 | D:2      | Killed Natasha
  1127 | D:2      | Reached skill level 1 in Conjurations
  1127 | D:2      | Reached skill level 1 in Hexes
  1127 | D:2      | Reached skill level 1 in Summonings
  1127 | D:2      | Reached skill level 1 in Necromancy
  1127 | D:2      | Reached skill level 1 in Translocations
  1127 | D:2      | Reached skill level 1 in Transmutations
  1127 | D:2      | Reached skill level 1 in Fire Magic
  1127 | D:2      | Reached skill level 1 in Ice Magic
  1127 | D:2      | Reached skill level 1 in Air Magic
  1127 | D:2      | Reached skill level 1 in Earth Magic
  1127 | D:2      | Reached skill level 1 in Poison Magic
  1716 | D:2      | Noticed Terence
  1719 | D:2      | Killed Terence
  1720 | D:2      | Reached XP level 5. HP: 36/37 MP: 5/7
  1858 | D:3      | Noticed Robin
  1861 | D:3      | Killed Robin
  1919 | D:3      | Noticed Ijyb
  1925 | D:3      | Killed Ijyb
  2344 | D:3      | Reached XP level 6. HP: 44/44 MP: 8/8
  2708 | D:4      | Noticed Eustachio
  2750 | D:4      | Killed Eustachio
  2751 | D:4      | Reached skill level 5 in Throwing
  2751 | D:4      | Reached skill level 5 in Armour
  2751 | D:4      | Reached skill level 5 in Dodging
  2822 | D:4      | Found an opulent altar of Gozag.
  2907 | D:4      | Reached XP level 7. HP: 50/50 MP: 10/10
  2986 | D:4      | Reached skill level 7 in Crossbows
  3074 | D:4      | Found a basalt altar of Yredelemnul.
  3076 | D:4      | Noticed a profane servitor
  3318 | D:4      | Noticed Menkaure
  3324 | D:4      | Killed Menkaure
  3532 | D:4      | You fall into a shaft and drop 2 floors!
  3666 | D:6      | Reached XP level 8. HP: 39/57 MP: 12/12
  3958 | D:6      | Noticed Grinder
  3965 | D:6      | Killed Grinder
  4135 | D:6      | Noticed Pikel
  4162 | D:6      | Killed Pikel
  4248 | D:6      | Found a white marble altar of Elyvilon.
  4435 | D:6      | Reached XP level 9. HP: 48/65 MP: 14/14
  5207 | D:7      | Noticed Harold
  5233 | D:5      | Entered Level 5 of the Dungeon
  5969 | D:5      | Found a runed translucent door.
  5970 | D:5      | Noticed Crazy Yiuf
  5984 | D:5      | Found a staircase to the Ecumenical Temple.
  6011 | D:5      | Reached skill level 5 in Maces & Flails
  6241 | D:5      | Killed Crazy Yiuf
  6693 | D:6      | Killed Harold
  6694 | D:6      | Reached skill level 8 in Crossbows
  6694 | D:6      | Reached skill level 5 in Invocations
  7434 | D:6      | Engulfed by a steam dragon's steam

Illustrated notes

Levels and vault maps discovered:
D:1:      enne_arrival_octagon_isle, layout_basic, minmay_misc_feat_cross
D:2:      layout_loops_ring, hangedman_decor_clover_reticule,
          kennysheep_small_spiral, uniq_natasha, uniq_terence
D:3:      layout_basic, uniq_robin, uniq_ijyb
D:4:      layout_basic, grunt_temple_overflow_holy_war, grunt_gozag_breadcrumbs,
          uniq_menkaure, uniq_eustachio
D:5:      layout_gridville, minmay_temple_entry_statues_pillars,
          uniq_crazy_yiuf_cottage
D:6:      layout_basic, kennysheep_mini_moat, nicolae_ossuary_entry_ruins,
          minivault_14, uniq_pikel, uniq_grinder
D:7:      nicolae_cairo_tiling_very_big, layout_rooms, uniq_maggie, uniq_harold

Skill      XL: |  1  2  3  4  5  6  7  8  9 |
---------------+----------------------------+-----
Invocations    | 1 2 3 4 5 |  5.1
Fighting       | 1 2 3 4 |  4.6
Short Blades   | 1 2 3 4 |  4.6
Long Blades    | 1 2 3 4 |  4.6
Axes           | 1 2 3 4 |  4.6
Polearms       | 1 2 3 4 |  4.6
Staves         | 1 2 3 4 |  4.6
Slings         | 1 2 3 4 |  4.6
Bows           | 1 2 3 4 |  4.6
Stealth        | 1 2 3 4 |  4.6
Shields        | 1 2 3 4 |  4.6
Unarmed Combat | 1 2 3 4 |  4.6
Spellcasting   | 1 2 3 4 |  4.6
Evocations     | 1 2 3 4 |  4.6
Conjurations   | 1 2 3 |  3.8
Hexes          | 1 2 3 |  3.8
Summonings     | 1 2 3 |  3.8
Necromancy     | 1 2 3 |  3.8
Translocations | 1 2 3 |  3.8
Transmutations | 1 2 3 |  3.8
Fire Magic     | 1 2 3 |  3.8
Ice Magic      | 1 2 3 |  3.8
Air Magic      | 1 2 3 |  3.8
Earth Magic    | 1 2 3 |  3.8
Poison Magic   | 1 2 3 |  3.8
Maces & Flails | 3 4 5 |  5.4
Throwing       | 5 6 |  6.6
Armour         | 5 6 |  6.6
Dodging        | 5 6 |  6.6
Crossbows      | 7 8 |  8.1

Action                   |  1- 3 |  4- 6 |  7- 9 || total
-------------------------+-------+-------+-------++-------
Melee: Whip              |       |       |     3 ||     3
 Fire: Hand crossbow     |    55 |   127 |   264 ||   446
  Use: Scroll            |       |     7 |     4 ||    11
       Potion            |       |       |     2 ||     2
Armor: Chain mail        |    10 |    64 |    58 ||   132
Dodge: Dodged            |     5 |    30 |    66 ||   101
